 Dungeon Crawl Stone Soup version 0.28-a0-1033-g1a2f33fa85 (webtiles) character file.

Game seed: 6187346307622344258

8 garbled the Caller (level 2, 0/14 HPs)
             Began as a Vine Stalker Summoner on Dec 7, 2021.
             Slain by a quokka (2 damage)
             ... on level 1 of the Dungeon.
             The game lasted 00:01:03 (79 turns).

garbled the Caller (Vine Stalker Summoner)            Turns: 79, Time: 00:01:03

Health: 0/14       AC:  2    Str: 10    XL:     2   Next: 8%
Magic:  0/6        EV: 12    Int: 15    God:
Gold:   27         SH:  0    Dex: 14    Spells: 4/5 levels left

rFire   . . .      SeeInvis .   d - +0 dagger
rCold   . . .      Faith    .   (no shield)
rNeg    . . .      Spirit   +   a - +0 robe
rPois   .          Reflect  .   (no helmet)
rElec   .          Harm     .   (no cloak)
rCorr   .          Rampage  .   (no gloves)
Will    .....                   (no boots)
Stlth   ++........              (no amulet)
HPRegen 0.04/turn               (no ring)
MPRegen 0.10/turn               (no ring)

@: no status effects
A: fangs 2, magic shield, antimagic bite, no potion heal 2
a: no special abilities


You were on level 1 of the Dungeon.
You visited 1 branch of the dungeon, and saw 1 of its levels.

You collected 27 gold pieces.

Inventory:

Hand Weapons
 d - a +0 dagger (weapon)
 e - a +0 dagger
Missiles
 c - 15 stones
Armour
 a - a +0 robe (worn)
Jewellery
 b - an amulet of faith


   Skills:
 + Level 0.4 Fighting
 - Level 1.5 Dodging
 + Level 2.7 Stealth
 + Level 2.3 Spellcasting
 + Level 4.1 Summonings


You had 4 spell levels left.
You knew the following spells:

 Your Spells              Type           Power      Damage    Failure   Level
a - Summon Small Mammal   Summ           56%        N/A       4%          1

Your spell library contained the following spells:

 Spells                   Type           Power      Damage    Failure   Level
 Call Imp                 Summ           14%        N/A       6%          2
 Call Canine Familiar     Summ           14%        N/A       12%         3
 Summon Guardian Golem    Hex/Summ       7%         N/A       28%         3
 Summon Lightning Spire   Summ/Air       7%         N/A       67%         4


Dungeon Overview and Level Annotations

Branches:
Dungeon (1/15)

Altars:


Innate Abilities, Weirdness & Mutations

You have extremely sharp teeth.
When hurt, damage is shared between your health and your magic reserves.
Your bite disrupts and absorbs the magic of your enemies.
Potions cannot restore your health.


Message History

Unknown command.
Casting: Summon Small Mammal (safe; 4% risk of failure)
Confirm with . or Enter, or press ? or * to list all spells.
The endoplasm quivers.
The jackal bites you.
The jackal bites you but does no damage.
The jackal misses you. The jackal bites you.
The endoplasm jiggles.
The jackal barely misses you. The jackal bites you. The quokka bites you.
Your quokka misses the jackal.
Unknown command.
Casting: Summon Small Mammal (safe; 4% risk of failure)
Confirm with . or Enter, or press ? or * to list all spells.
The jackal bites you. The jackal misses you.
The quokka splashes around in the water.
Your quokka bites the jackal but does no damage.
The jackal closely misses you. The jackal bites you.
* * * LOW HITPOINT WARNING * * *
Your bat barely misses the quokka.
Your bat hits the quokka but does no damage.
The quokka bites you but does no damage.
Your quokka splashes around in the water.
The jackal barely misses you. The jackal misses you. The quokka bites you.
* * * LOW HITPOINT WARNING * * *
The jackal splashes around in the water.
Your quokka closely misses the jackal.
Your bat misses the quokka.
Your quokka bites the jackal.
The jackal dies!
The endoplasm hits your quokka.
Your bat hits the quokka but does no damage.
The jackal bites you but does no damage.
Your bat hits the quokka.
Your quokka closely misses the quokka.
The quokka twitches its whiskers.
Your bat hits the quokka.
Your bat closely misses the quokka.
The jackal barely misses you.
Casting: Summon Small Mammal (safe; 4% risk of failure)
Confirm with . or Enter, or press ? or * to list all spells.
Your quokka disappears in a puff of smoke!
Your bat hits the quokka. The jackal closely misses you. The quokka bites you.
You die...

.........≈≈8≈≈≈≈8≈≈...
.....##..≈≈≈####≈≈≈....#.
...# #..≈≈≈'.<#≈≈≈......
.. #..≈≈≈'..#≈≈≈...... .
#..§≈≈####≈≈≈(.....
#..†≈8≈≈≈≈8≈≈..[..!
##.≈8r≈≈≈≈≈8≈......
#.≈≈≈≈≈≈≈≈≈†)....#
#..@h..J...†...#
#...r.§..###...#
#....b............
#...)....#..#.....
#........#........
###...###...#.. .. ##.##
.... . . #.. ...#. #...
...#


You could see an endoplasm, a quokka (ally target), a jackal (ally target), a
friendly bat (summoned) and a friendly rat (summoned).

Vanquished Creatures
  A jackal (D:1)
1 creature vanquished.

Vanquished Creatures (collateral kills)
  A bat (D:1)
  3 goblins (D:1)
  A jackal (D:1)
5 creatures vanquished.

Grand Total: 6 creatures vanquished

Notes
Turn   | Place    | Note
-------+----------+-------------------------------------------
     0 | D:1      | garbled the Vine Stalker Summoner began the quest for the
                  | Orb.
     0 | D:1      | Reached XP level 1. HP: 9/9 MP: 4/4
    63 | D:1      | Reached XP level 2. HP: 11/14 MP: 3/6
    79 | D:1      | Slain by a quokka

Illustrated notes

Levels and vault maps discovered:
D:1:      lightli_arrival_boilingwater, layout_rooms

Action                   || total
-------------------------++-------
Melee: Dagger            ||     6
       Bite              ||     2
 Cast: Summon Small Mamm ||     7
Armor: Robe              ||     7
Dodge: Dodged            ||    14

Table legend: (Time is in decaauts)
 A = Elapsed time spent in this place.
 B = Non-inter-level travel time spent in this place.
 C = Inter-level travel time spent in this place.
 D = Time resting spent in this place.
 E = Time spent auto-exploring this place.
 F = Levels seen in this place.
 G = Mean time per level.
                   A        B        C        D        E       F      G
               +--------+--------+--------+--------+--------+-----+--------+
         Total |     86 |     86 |      0 |      0 |      8 |   1 |   86.0 |
       Dungeon |     86 |     86 |      0 |      0 |      8 |   1 |   86.0 |
               +--------+--------+--------+--------+--------+-----+--------+

Top non-repeatable levels by time:
     D:1: 86 daAuts
